 Dungeon Crawl Stone Soup version 0.30.1-9-gdf580d7c3d (webtiles) character file.

Game seed: 15046600654149954927

1996065 Nonny the Slayer (level 27, 242/242 HPs)
             Began as a Merfolk Fighter on Oct 22, 2023.
             Was a High Priest of Ignis.
             Escaped with the Orb
             ... and 4 runes on Oct 23, 2023!
             The game lasted 07:32:34 (97252 turns).

Nonny the Slayer (Merfolk Fighter)                 Turns: 97252, Time: 07:32:34

Health: 242/242    AC: 43    Str: 40      XL:     27
Magic:  7/13       EV: 15    Int: 10 (11) God:    Ignis [*****.]
Gold:   1314       SH: 27    Dex: 20 (22) Spells: 48/53 levels left

rFire   + + +        X - +5 trident (antimagic)
rCold   + . .        a - +9 kite shield of Zin, Summoning {rF+ Str+3 Stlth-}
rNeg    + . .        B - +6 gold dragon scales
rPois   +            C - +2 helmet of Hiaheheeh {Regen+ Int+3 Dex+4}
rElec   +            J - +2 cloak of Sin {Str+5 Dex+3}
rCorr   .            A - -1 pair of gloves of Vagum {rPois Regen+}
SInv    +            T - +1 pair of boots "Oses" {rElec Regen+}
Will    ++...        K - amulet of guardian spirit Stlth
                     L - ring of the Wary Lies {Fire +Blink rElec MP+9 SInv}
HPRegen 3.00/turn    W - ring of the Open Hand {rF+ rC+ rN+ Str+4}
MPRegen 0.13/turn

%: guardian spirit
@: studying Ice Magic
A: (nimble swimmer 2), mertail, iridescent scales 2, deterioration 2, low MP 2,
screaming 2, teleportitis 1, inability to drink after injury 2, inability to
read after injury 1
0: Orb of Zot
}: 4/15 runes: serpentine, barnacled, silver, abyssal
a: Renounce Religion, Evoke Blink, Fiery Armour, Foxfire Swarm, Rising Flame


You escaped.
You worshipped Ignis.
Ignis was extremely pleased with you.
You visited 12 branches of the dungeon, and saw 56 of its levels.
You visited the Abyss 4 times.
You also visited: Sewer, Ice Cave and Volcano.

You collected 11954 gold pieces.
You spent 10640 gold pieces at shops.

Inventory:

Hand Weapons
 X - a +5 antimagic trident (weapon)
 Z - a +9 demon trident of freezing
Missiles
 h - 9 datura-tipped darts
 s - 82 poisoned darts (quivered)
 E - 8 throwing nets
 F - 10 curare-tipped darts
 U - 17 atropa-tipped darts
Armour
 a - the +9 kite shield of Zin, Summoning (worn) {rF+ Str+3 Stlth-}
   (You acquired it on level 2 of the Lair of Beasts)

   Str:       It affects your strength (+3).
   rF:        It protects you from fire.
   Stlth:     It makes you less stealthy.
 c - a +7 plate armour of fire resistance
 g - the +5 robe of Night {Dark Will+ SInv}
   (You found it on level 4 of the Shoals)

   Dark:      It shrouds the wearer in darkness, reducing the range at which
   they can see and be seen by others.
   SInv:      It lets you see invisible.
   Will:      It increases your willpower.
 A - the -1 pair of gloves of Vagum (worn) {rPois Regen+}
   (You found it on level 4 of the Lair of Beasts)

   rPois:     It protects you from poison.
   Regen:     It increases your rate of health regeneration.
 B - +6 gold dragon scales (worn)
 C - the +2 helmet of Hiaheheeh (worn) {Regen+ Int+3 Dex+4}
   (You found it on level 4 of the Snake Pit)

   Int:       It affects your intelligence (+3).
   Dex:       It affects your dexterity (+4).
   Regen:     It increases your rate of health regeneration.
 J - the +2 cloak of Sin (worn) {Str+5 Dex+3}
   (You found it on level 3 of the Crypt)

   Str:       It affects your strength (+5).
   Dex:       It affects your dexterity (+3).
 T - the +1 pair of boots "Oses" (worn) {rElec Regen+}
   (You found it on level 1 of the Shoals)

   rElec:     It insulates you from electricity.
   Regen:     It increases your rate of health regeneration.
Jewellery
 r - a ring of willpower
 v - a ring "Iwkeit" {rN+ Dex+2}
   (You found it on level 5 of the Vaults)

   [ring of positive energy]

   Dex:       It affects your dexterity (+2).
   rN:        It protects you from negative energy.
 w - the ring "Vagaz" {rC+ rCorr Int+2 Stlth+}
   (You found it in an ice cave)

   [ring of protection from cold]

   Int:       It affects your intelligence (+2).
   rC:        It protects you from cold.
   rCorr:     It protects you from acid and corrosion.
   Stlth:     It makes you more stealthy.
 K - an amulet of guardian spirit (around neck)
 L - the ring of the Wary Lies (left hand) {Fire +Blink rElec MP+9 SInv}
   (You acquired it on level 3 of the Elven Halls)

   [ring of fire]

   It enhances your fire magic.
   rF:        It protects you from fire.
   rC:        It makes you vulnerable to cold.
   rElec:     It insulates you from electricity.
   MP:        It affects your magic capacity (+9).
   SInv:      It lets you see invisible.
   +Blink:    It lets you blink.
 W - the ring of the Open Hand (right hand) {rF+ rC+ rN+ Str+4}
   (You found it on level 3 of the Realm of Zot)

   [ring of protection from fire]

   Str:       It affects your strength (+4).
   rF:        It protects you from fire.
   rC:        It protects you from cold.
   rN:        It protects you from negative energy.
 Y - the ring of Shadows {Umbra +Inv Stlth+}
   (You found it on level 5 of the Lair of Beasts)

   [ring of stealth]

   Umbra:     It surrounds you with an aura of shadow, increasing your stealth
   and reducing the accuracy of all others within it.
   +Inv:      It lets you turn invisible.
   Stlth:     It makes you more stealthy.
Wands
 e - a wand of iceblast (68)
 y - a wand of flame (15)
 I - a wand of paralysis (54)
 O - a wand of mindburst (45)
 P - a wand of acid (14)
 Q - a wand of digging (8)
 S - a wand of polymorph (47)
Scrolls
 i - 9 scrolls of immolation
 m - 11 scrolls of fear
 o - 4 scrolls of blinking
 u - a scroll of noise
 x - 5 scrolls of teleportation
 D - 13 scrolls of poison
 H - a scroll of summoning
 R - 4 scrolls of magic mapping
Potions
 b - 4 potions of invisibility
 j - 14 potions of flight
 k - 4 potions of ambrosia
 l - a potion of cancellation
 n - 8 potions of brilliance
 q - 10 potions of curing
 z - 4 potions of resistance
Miscellaneous
 d - a box of beasts
 f - a phial of floods
 G - a phantom mirror
 V - a lightning rod (4/4)


   Skills:
 - Level 25.0 Fighting
 - Level 21.1 Polearms
 - Level 3.0 Throwing
 - Level 18.4 Armour
 - Level 12.1 Dodging
 - Level 15.0 Stealth
 - Level 25.0 Shields
 - Level 13.5 Spellcasting
 - Level 3.0 Transmutations
 - Level 1.4 Ice Magic
 - Level 5.0 Air Magic
 * Level 24.0 Invocations
 - Level 16.0 Evocations


You had 48 spell levels left.
You knew the following spells:

 Your Spells              Type           Power      Damage    Failure   Level
a - Passwall              Tmut/Erth      7%         N/A       47%         2
b - Swiftness             Air            16%        N/A       26%         3

Your spell library contained the following spells:

 Spells                   Type           Power      Damage    Failure   Level
 Beastly Appendage        Tmut           24%        N/A       19%         1
 Shock                    Conj/Air       44%        1d5       24%         1
 Wereblood                Tmut           12%        N/A       28%         2
 Sting                    Tmut/Pois      36%        1d4       34%         1
 Poisonous Vapours        Pois/Air       22%        N/A       34%         2
 Static Discharge         Conj/Air       22%        2-3/arc   34%         2
 Cigotuvi's Dreadful Rot  Necr/Pois/Air  20%        N/A       45%         2
 Apportation              Tloc           12%        N/A       54%         1
 Magic Dart               Conj           24%        1d4       54%         1
 Necrotise                Necr           24%        1d5       54%         1
 Slow                     Hex            24%        N/A       54%         1
 Summon Small Mammal      Summ           24%        N/A       54%         1
 Vhi's Electric Charge    Tloc/Air       22%        N/A       56%         3
 Ensorcelled Hibernation  Hex/Ice        16%        N/A       58%         2
 Airstrike                Air            8%         2d(2-18)  63%         4
 Blink                    Tloc           12%        N/A       69%         2
 Call Imp                 Summ           12%        N/A       69%         2
 Lesser Beckoning         Tloc           12%        N/A       69%         2
 Momentum Strike          Conj/Tloc      12%        3d8       69%         2
 Scorch                   Fire           20%        2d6       69%         2
 Searing Ray              Conj           12%        2d4       69%         2
 Sublimation of Blood     Necr           6%         N/A       69%         2
 Mephitic Cloud           Conj/Pois/Air  10%        N/A       69%         3
 Spider Form              Tmut/Pois      9%         N/A       71%         3
 Ozocubu's Armour         Ice            9%         N/A       73%         3
 Ignite Poison            Fire/Tmut/Pois 13%        N/A       78%         3
 Hailstorm                Conj/Ice       8%         3d4       82%         3
 Call Canine Familiar     Summ           6%         N/A       89%         3
 Confusing Touch          Hex            6%         N/A       89%         3
 Dazzling Flash           Conj/Hex       12%        N/A       89%         3
 Gell's Gravitas          Tloc           6%         N/A       89%         3
 Inner Flame              Hex/Fire       10%        N/A       89%         3
 Portal Projectile        Hex/Tloc       12%        N/A       89%         3
 Summon Guardian Golem    Hex/Summ       6%         N/A       89%         3
 Teleport Other           Tloc           6%         N/A       89%         3
 Tukima's Dance           Hex            6%         N/A       89%         3
 Vampiric Draining        Necr           6%         2d6       89%         3
 Volatile Blastmotes      Fire/Tloc      20%        2d11      89%         3
 Summon Lightning Spire   Summ/Air       11%        N/A       93%         4
 Ice Form                 Ice/Tmut       11%        N/A       95%         4
 Petrify                  Tmut/Erth      9%         N/A       98%         4
 Blade Hands              Tmut           6%         N/A       99%         5
 Anguish                  Hex/Necr       3%         N/A       100%        4
 Animate Armour           Summ/Erth      12%        N/A       100%        4
 Animate Dead             Necr           6%         N/A       100%        4
 Flame Wave               Conj/Fire      10%        2d6       100%        4
 Fulminant Prism          Conj/Hex       3%         3d5       100%        4
 Iskenderun's Mystic Bla  Conj/Tloc      6%         2d4       100%        4
 Leda's Liquefaction      Hex/Erth       3%         N/A       100%        4
 Manifold Assault         Tloc           6%         N/A       100%        4
 Olgreb's Toxic Radiance  Pois           6%         N/A       100%        4
 Passage of Golubria      Tloc           6%         N/A       100%        4
 Agony                    Necr           6%         N/A       100%        5
 Alistair's Intoxication  Tmut/Pois      6%         N/A       100%        5
 Borgnjor's Vile Clutch   Necr/Erth      3%         N/A       100%        5
 Fireball                 Conj/Fire      5%         3d5       100%        5
 Freezing Cloud           Conj/Ice/Air   5%         6-21      100%        5
 Irradiate                Conj/Tmut      4%         3d13      100%        5
 Lee's Rapid Deconstruct  Erth           3%         3d5*      100%        5
 Metabolic Englaciation   Hex/Ice        4%         N/A       100%        5
 Silence                  Hex/Air        5%         N/A       100%        5
 Yara's Violent Unravell  Hex/Tmut       4%         3d4       100%        5
 Death Channel            Necr           3%         N/A       100%        6
 Dispersal                Tloc           3%         N/A       100%        6
 Eringya's Noxious Bog    Tmut/Pois      4%         N/A       100%        6
 Iron Shot                Conj/Erth      3%         9d2       100%        6
 Simulacrum               Ice/Necr       4%         N/A       100%        6
 Starburst                Conj/Fire      5%         6d4       100%        6
 Statue Form              Tmut/Erth      6%         N/A       100%        6
 Summon Cactus Giant      Summ           3%         N/A       100%        6
 Dragon Form              Tmut           6%         N/A       100%        7
 Enfeeble                 Hex            3%         N/A       100%        7
 Malign Gateway           Summ/Tloc      3%         N/A       100%        7
 Storm Form               Tmut/Air       7%         N/A       100%        7
 Borgnjor's Revivificati  Necr           3%         N/A       100%        8
 Discord                  Hex            3%         N/A       100%        8
 Disjunction              Tloc           3%         N/A       100%        8
 Ignition                 Fire           5%         3d4       100%        8
 Maxwell's Capacitive Co  Air            8%         ∞         100%        8
 Necromutation            Tmut/Necr      4%         N/A       100%        8
 Death's Door             Necr           3%         N/A       100%        9


Dungeon Overview and Level Annotations

Branches:
Dungeon (15/15)            Temple (1/1) D:7            Lair (5/5) D:9
 Shoals (4/4) Lair:3        Snake (4/4) Lair:2        Slime (5/5) Lair:5
    Orc (2/2) D:11            Elf (3/3) Orc:2        Vaults (5/5) D:13
  Crypt (3/3) Vaults:2       Tomb (0/3) Crypt:3      Depths (4/4) D:15
    Zot (5/5) Depths:4      Sewer (visited)           IceCv (visited)
Volcano (visited)

Altars:
Ashenzari
Cheibriados
Dithmenos
Elyvilon
Fedhas
Gozag
Hepliaklqana
Kikubaaqudgha
Makhleb
Nemelex Xobeh
Okawaru
Qazlal
Ru
Sif Muna
Trog
Uskayaw
Vehumet
Wu Jian
Xom
Yredelemnul
Zin
The Shining One
Ignis
Jiyva

Shops:
D:2 !   D:3 =   D:7 *   D:15 ?   Orc:1 =   Orc:2 *[:(:   Elf:1 *!
Snake:1 ([!:   Vaults:1 *   Vaults:2 *(   Depths:1 *   Depths:2 (([
Depths:3 *:

Portals:
Hell: Depths:1 Depths:2 Depths:3 Depths:4
Abyss: Depths:3
Pandemonium: Depths:2 Depths:3
Ziggurat: Depths:2

Annotations:
Shoals:2 exclusion: upstairs
Slime:5 Royal Jelly
Elf:1 monsoonserge's ghost, legendary SpHu
Vaults:3 2 transporters, exclusion: door, Mennas
Vaults:4 exclusion: upstairs
Crypt:1 exclusion: door, Josephina


Innate Abilities, Weirdness & Mutations

((You are very nimble when in or above water. (Stealth+, EV+, Speed+++)))
Your lower body shifts to a powerful aquatic tail in water.
You are mostly covered in iridescent scales. (AC +4)
Your body often deteriorates upon taking damage.
Your magical capacity is very low. (-20% MP)
You frequently scream uncontrollably at your foes.
You are occasionally teleported next to monsters.
You sometimes lose the ability to drink potions when taking damage.
You occasionally lose the ability to read scrolls when taking damage.


Message History

Unknown command.
You feel better. You block the rust devil's attack.
You feel yourself speed up. The ynoxinul gestures at you.
The iron shot hits you but does no damage.
You block the rust devil's attack.
Unknown command.
You feel better.
Your surroundings suddenly seem different.
A chaos spawn comes into view.
The chaos spawn screeches!
You hear a shout! x2
The chaos spawn closely misses you.
Unknown command.
A Hell Sentinel and a hell hog come into view.
You scream at the hell hog!
Something buzzes, "Thy sanity shall be my junket!"
You hear a hideous shriek!
You hear an angry squeal. x2; You hear a roar! x2
You hear a shout!
Something bellows, "Thy viscera shall be my snackling!"
An Orb Guardian comes into view.
There is an open door here.
The hell hog breathes fire at you.
The fireball explodes!
The fireball engulfs you but does no damage.
You resist.
You hear an angry squeal. x2
Casting: Passwall (mildly dangerous; 47% risk of failure)
Confirm with . or Enter, or press ? or * to list all spells.
Aiming: Passwall (mildly dangerous; 47% risk of failure)
Press: ? - help, Dir - move target A rock wall.
This square is covered in magical glow.
You begin to meditate on the wall.
You continue meditating on the rock. x2
You finish merging with the rock.
There is a staircase leading out of the dungeon here.
You start resting.
Your extra speed is starting to run out.
Okay, then.
You feel yourself slow down.
You have escaped!

#.##.###............###5.#
#..........##..(......#.3.
#....#..........).#...5..>
#.)#.......##.......##..1.
#.......#.......##.....#..
#..#............1#..##....
#..#############..#.###..#
#..#...#...#...#h.#..###.#
#######..#.8...@.#.8.1...#.###..
##........#...#...#.4.#..........
...######.##.###.###.##.##..X.##.
#### ##.##.# #.# #.##.####...#.
## ##..##.###.###.##..^##....# .#
####...#...#...#...###..##....
.###....#.#.8.#.8.#.8.# ##...#.##
..........#...#...#...# ###...##
#..##.###.##.###.###.## #..####


There were no monsters in sight!

Vanquished Creatures
  Dissolution (Slime:1)
  6 dread liches
  5 ancient liches
  4 orbs of fire
  A juggernaut (Depths:3)
  Boris (twice) (Vaults:4 Depths:1)
  Bai Suzhen (Crypt:2)
  5 Killer Klowns (Zot:5)
  6 curse toes
  Saint Roka (Snake:2)
  Margery (Crypt:3)
  Nikola (Snake:2)
  27 golden dragons
  A profane servitor (Abyss:3)
  5 bone dragons
  A Tzitzimitl (D:5)
  3 pandemonium lords
  4 electric golems
  2 hellephants
  A Brimstone Fiend (D:5)
  33 Orb Guardians
  17 tentacled monstrosities
  4 titans
  A walking earthen tome (Depths:3)
  2 deep elf blademasters (Elf:3)
  4 deep elf master archers (Elf:3)
  4 quicksilver dragons
  9 liches
  3 Executioners
  9 death cobs
  8 ancient champions
  11 acid blobs
  4 krakens (Shoals:1)
  Gastronok (Lair:3)
  14 tentacled starspawn
  A sphinx (shapeshifter) (Depths:3)
  2 sphinxes
  8 draconian monks
  Roxanne (Snake:2)
  15 shadow dragons
  5 tengu reavers
  Donald (Orc:2)
  11 rockslimes
  6 nagarajas
  2 draconian knights
  14 storm dragons
  A demonspawn warmonger (D:15)
  3 revenants
  12 draconian scorchers
  9 fire giants
  7 azure jellies
  7 frost giants
  4 iron dragons
  9 deep elf sorcerers
  13 vault wardens
  4 daevas
  3 balrugs
  2 orc warlords
  8 draconian shifters
  A juggernaut zombie (Crypt:3)
  3 curse skulls (Crypt:2)
  Aizul (Vaults:3)
  4 ghost moths
  6 reapers
  5 draconian stormcallers
  3 cacodemons (Abyss:4)
  4 deep elf elementalists (Elf:3)
  19 ironbound preservers
  2 angels
  4 war gargoyles
  3 ghouls
  The ghost of Ziazargh the Martial Artist, a journeyman DsFi of Uskayaw (D:13)
  9 draconian annihilators
  12 stone giants
  22 very ugly things
  7 quicksilver oozes
  A caustic shrike skeleton (Abyss:3)
  8 green draconians
  8 lorocyprocas
  7 ironbound thunderhulks
  14 black draconians
  9 deep elf demonologists (Elf:3)
  5 vampire knights
  21 purple draconians
  8 deep elf annihilators
  14 white draconians
  19 red draconians
  15 dire elephants
  15 yellow draconians
  9 deep elf death magi
  4 blizzard demons
  8 eidola
  A spark wasp (shapeshifter) (Vaults:5)
  10 ettins
  4 spark wasps
  A quicksilver dragon zombie (Crypt:3)
  4 green deaths
  8 merfolk javelineers
  A crystal guardian (Vaults:1)
  3 deep elf high priests (Elf:3)
  13 merfolk impalers
  11 jiangshi
  7 fire dragons
  6 yaktaur captains
  9 rakshasas
  13 great orbs of eyes
  34 vault guards
  5 ogre magi
  5 salamander tyrants
  12 anacondas
  2 hell beasts
  2 spriggan skeletons (Crypt:3)
  6 spriggan air magi
  Erica (Lair:2)
  7 ice dragons
  A fenstrider witch zombie (Crypt:3)
  2 peacekeepers
  7 ironbound frosthearts
  13 centaur warriors
  3 alligator snapping turtles
  2 death knights
  2 satyrs (Shoals:4)
  14 two-headed ogres
  14 naga warriors
  31 dancing weapons
  6 boulder beetles
  9 merfolk aquamancers
  3 hydras
  2 merfolk avatars
  2 spriggan berserkers
  9 deep troll shamans
  3 tengu warriors
  8 deep troll earth magi
  A two-headed ogre (shapeshifter) (Vaults:5)
  5 hell hogs
  11 naga sharpshooters
  10 vampire magi
  3 orc high priests
  7 death yaks (Lair:5)
  Nergalle (D:11)
  A shock serpent (shapeshifter) (Vaults:5)
  12 sun demons
  15 thrashing horrors
  12 hell knights
  5 sixfirhies
  4 soul eaters
  10 deep elf knights
  Amaemon (D:8)
  12 shock serpents
  A bunyip zombie (Crypt:1)
  5 iron trolls
  A spatial maelstrom (Abyss:5)
  17 skeletal warriors
  9 skysharks
  5 wretched stars
  4 anaconda zombies (Snake:4)
  3 spectral anacondas (Snake:4)
  70 deep trolls
  A death drake (shapeshifter) (Vaults:4)
  16 sea snakes
  6 salamander mystics
  A bog body (Crypt:2)
  2 shadow wraiths
  A golden dragon skeleton (Vaults:5)
  A swamp dragon (Zot:3)
  2 spriggan simulacra
  6 anaconda skeletons
  9 deep elf archers
  6 glowing orange brains
  The ghost of Laveh the Ruffian, a novice TrBe of Trog (D:6)
  4 naga ritualists
  2 shadow demons
  A shadow dragon zombie (Crypt:1)
  3 flayed ghosts
  30 harpies
  A bunyip skeleton (Crypt:3)
  9 necromancers
  A fenstrider witch simulacrum (Crypt:1)
  10 wizards
  7 lindwurms
  11 mana vipers
  11 phantasmal warriors
  A steelbarb worm (shapeshifter) (Abyss:2)
  2 sphinx zombies
  26 deep elf zephyrmancers
  A shadow dragon skeleton (Crypt:1)
  9 orc knights
  24 ironbound convokers
  A wolf spider (D:13)
  A fire giant zombie (Vaults:5)
  A manticore (shapeshifter) (Elf:1)
  39 deep elf pyromancers
  5 orc sorcerers
  38 ugly things
  16 manticores
  10 cyclopes
  2 will-o-the-wisps
  A salamander (shapeshifter) (Vaults:5)
  4 shining eyes (Slime:5)
  A toenail golem (D:4)
  21 salamanders
  A naga zombie (Crypt:1)
  A worldbinder (Abyss:2)
  A black mamba (shapeshifter) (Vaults:5)
  2 elephants (Lair:5)
  3 water nymphs (Shoals:3)
  11 naga magi
  14 guardian serpents
  36 moths of wrath
  10 merfolk sirens
  A stone giant skeleton (Crypt:2)
  2 apocalypse crabs
  34 black mambas
  A torpor snail (Lair:5)
  3 rust devils
  5 eyes of devastation
  21 vault sentinels
  2 molten gargoyles (Volcano)
  3 orange demons
  A dire elephant skeleton (Crypt:3)
  An ice statue (D:15)
  A demonic crawler (D:15)
  2 unseen horrors (Abyss:2)
  6 rime drakes
  A steelbarb worm zombie (Crypt:3)
  11 komodo dragons
  A hellion (Depths:2)
  10 smoke demons
  17 yaktaurs
  12 cane toads
  A freezing wraith (Crypt:2)
  3 efreet
  2 ice devils
  9 ancient zymes
  2 sea snake skeletons (Crypt:1)
  A silent spectre (Abyss:5)
  3 harpy zombies
  4 anaconda simulacra
  A white draconian skeleton (Crypt:1)
  3 tengu conjurers
  A queen bee (D:10)
  7 red devils
  12 trolls
  3 hellwings
  47 merfolk
  3 meliai (D:13)
  2 polar bears
  Prince Ribbit (D:9)
  5 hornets
  17 starcursed masses
  9 wind drakes
  A harpy skeleton (Crypt:3)
  17 raiju
  Grinder (D:3)
  30 blink frogs
  11 snapping turtles
  2 dream sheep (D:13)
  A stone giant simulacrum (Vaults:5)
  A meliai zombie (D:15)
  98 slime creatures
  A human simulacrum (Vaults:5)
  An alligator skeleton (Crypt:2)
  4 air elementals
  15 flying skulls
  7 ynoxinuls
  A wind drake zombie (Crypt:2)
  A dire elephant simulacrum (Crypt:1)
  2 spriggans (Depths:4)
  2 ettin skeletons
  45 yaks
  9 humans (D:13)
  A shadow (Abyss:2)
  A vampire (Abyss:3)
  7 wraiths
  20 water elementals
  A wyvern (shapeshifter) (Depths:3)
  8 wyverns
  5 steam dragons
  31 small abominations
  5 fire bats (Volcano)
  3 fire elementals
  Grum (D:8)
  13 neqoxecs
  2 redbacks (Abyss:3)
  8 basilisks
  3 chaos spawn
  10 golden eyes
  A swamp worm (shapeshifter) (Vaults:5)
  A harpy simulacrum (Abyss:2)
  12 vampire mosquitoes
  40 large abominations
  39 nagas
  8 wargs
  A glowing shapeshifter skeleton (Crypt:1)
  3 hell hounds (Depths:2)
  3 spatial vortices (Abyss:5)
  4 floating eyes
  A merfolk skeleton (Crypt:3)
  16 water moccasins
  2 hornet zombies
  3 black bears
  33 orc warriors
  10 ogres
  8 boggarts
  21 wolves
  7 centaurs
  A dream sheep zombie (Crypt:3)
  A phantom (D:5)
  4 slime creature simulacra (IceCv)
  11 kobold brigands
  17 bullfrogs
  A gnoll sergeant (D:6)
  2 necrophages (Crypt:2)
  2 earth elementals (Elf:2)
  3 glowing shapeshifter simulacra (IceCv)
  A salamander skeleton (Crypt:3)
  2 scorpions
  6 wights
  A hornet simulacrum (D:14)
  41 killer bees
  An electric eel (D:6)
  2 howler monkeys
  6 lava snakes (Volcano)
  3 hounds
  7 jellies
  3 iron imps
  14 orc priests
  A gnoll bouda (Orc:1)
  5 hell rats (Lair:5)
  A human skeleton (Crypt:1)
  25 orc wizards
  A boggart zombie (D:15)
  6 iguanas
  A deep dwarf skeleton (Crypt:3)
  A howler monkey zombie (Crypt:2)
  7 gnolls
  9 adders
  A river rat (Sewer)
  A shadow imp (D:7)
  3 white imps
  2 ufetubi
  A lava snake zombie (Crypt:1)
  An adder zombie (Crypt:2)
  4 worms
  5 dart slugs
  87 orcs
  13 ball pythons
  3 bats
  9 endoplasms
  6 giant cockroaches
  8 goblins
  10 hobgoblins
  7 jackals
  8 quokkas
  A quokka (shapeshifter) (Vaults:5)
  8 frilled lizards
  A goblin zombie (Crypt:2)
  A hobgoblin skeleton (Crypt:3)
  36 kobolds
  13 rats
  A river rat skeleton (Crypt:2)
  A lurking horror (Abyss:5)
  7 starspawn tentacles
  3 tentacles (Shoals:1)
2846 creatures vanquished.

Vanquished Creatures (collateral kills)
  An ancient lich (Zot:5)
  3 orbs of fire (Zot:5)
  A golden dragon (Zot:5)
  An Orb Guardian (Zot:5)
  A moth of wrath (Zot:5)
7 creatures vanquished.

Vanquished Creatures (others)
  A tengu reaver (Vaults:5)
  3 draconian knights
  A fire giant (Vaults:5)
  A vault guard (D:13)
  A sun demon (D:1)
  A deep troll (Vaults:5)
  A harpy skeleton (Abyss:3)
  A warg (Vaults:5)
  3 nagas (Snake:2)
  A large abomination (Abyss:4)
  An orc warrior (Orc:1)
  A small abomination (Abyss:3)
  A starcursed mass (Abyss:3)
  A hell rat (Lair:5)
  2 orcs
  6 foxfires
  A lurking horror (Abyss:2)
  35 starspawn tentacles
  18 tentacles (Shoals:1)
80 creatures vanquished.

Grand Total: 2933 creatures vanquished

Notes
Turn   | Place    | Note
-------+----------+-------------------------------------------
     0 | D:1      | Nonny the Merfolk Fighter began the quest for the Orb.
     0 | D:1      | Reached XP level 1. HP: 18/18 MP: 1/1
    52 | D:1      | Starting vault: statue link halls
    91 | D:1      | Reached XP level 2. HP: 20/24 MP: 2/2
   308 | D:1      | Glass wall teeth vault.
   340 | D:1      | Found a faded altar of an unknown god.
   373 | D:1      | Reached XP level 3. HP: 29/29 MP: 3/3
   380 | D:1      | Prayed at the altar of an unknown god.
   380 | D:1      | Became a worshipper of Ignis, the Dying Flame
  1090 | D:2      | Reached XP level 4. HP: 30/37 MP: 4/4
  1439 | D:2      | Found Jiymelan's Distillery.
  1448 | D:2      | Bought 2 potions of curing for 84 gold pieces
  2567 | D:3      | Noticed Grinder
  2693 | D:3      | Paralysed by Grinder for 2 turns
  2706 | D:3      | Paralysed by Grinder for 2 turns
  2711 | D:3      | Killed Grinder
  2712 | D:3      | Reached XP level 5. HP: 12/42 MP: 5/5
  2712 | D:3      | Reached XP level 6. HP: 14/48 MP: 6/6
  2713 | D:3      | Found a glowing drain.
  2728 | D:3      | Sewer entrance in southeast.
  2838 | Sewer    | Entered a sewer
  3177 | Sewer    | Found a shimmering altar of Xom.
  3220 | Sewer    | Reached XP level 7. HP: 43/55 MP: 7/7
  3506 | D:3      | Found Sashret's Jewellery Shop.
  4533 | D:5      | Entered Level 5 of the Dungeon
  4810 | D:5      | Found a glowing silver altar of Zin.
  4943 | D:5      | staff of fire in northwest
  5259 | D:5      | Found a sparkling altar of Nemelex Xobeh.
  5629 | D:6      | Little woodland vault
  5671 | D:6      | Lava and deep water vault. Contains electric eel.
  5888 | D:6      | Noticed a hornet
  5908 | D:6      | Killed a hornet
  5909 | D:6      | Reached skill level 5 in Fighting
  5909 | D:6      | Reached XP level 8. HP: 12/62 MP: 8/8
  6202 | D:6      | Noticed Laveh's ghost (novice TrBe)
  6208 | D:6      | Found a runed translucent gate.
  6208 | D:6      | Found a runed translucent gate.
  6208 | D:6      | Found a runed translucent gate.
  6251 | D:6      | Reached skill level 1 in Dodging
  6687 | D:7      | Found a staircase to the Ecumenical Temple.
  6744 | D:7      | Temple entrance: will of the wisp
  6745 | Temple   | Entered the Ecumenical Temple
  7041 | Temple   | Temple: lava spade
  7442 | D:7      | Found Xuobod's Elemental Accessories.
  7454 | D:7      | Reached skill level 10 in Polearms
  7454 | D:7      | Beware of a gnoll with a +7 antimagic spear on this floor.
  7511 | D:7      | Found an opulent altar of Gozag.
  7567 | D:7      | Reached XP level 9. HP: 46/69 MP: 3/9
  8631 | D:8      | Reached skill level 5 in Armour
  8882 | D:8      | Noticed an orange demon
  8921 | D:8      | Noticed Grum
  9168 | D:8      | Noticed a boulder beetle
  9508 | D:9      | Reached XP level 10. HP: 15/79 MP: 3/10
  9745 | D:9      | Noticed Prince Ribbit
  9756 | D:9      | Killed Prince Ribbit
  9757 | D:9      | Reached skill level 1 in Stealth
 10158 | D:9      | Noticed a two-headed ogre
 10164 | D:9      | Reached skill level 5 in Dodging
 10302 | D:9      | Reached XP level 11. HP: 84/84 MP: 3/11
 10351 | D:9      | Necronomicon is north of lair entrance vault.
 10747 | D:9      | Found a staircase to the Lair.
 10876 | D:9      | Noticed a cyclops
 11128 | D:8      | Noticed Amaemon
 11254 | D:9      | Killed a cyclops
 11547 | D:10     | Entered Level 10 of the Dungeon
 12004 | D:10     | Killer bee vault. Ambrosia potions aplenty.
 12299 | D:10     | Reached XP level 12. HP: 94/95 MP: 4/12
 12734 | D:11     | Noticed Nergalle
 12749 | D:11     | Third cyclops I've seen on this floor.
 13485 | D:11     | Reached skill level 10 in Fighting
 13779 | D:8      | Killed Grum
 14414 | Lair:1   | Entered Level 1 of the Lair of Beasts
 14462 | Lair:1   | rPois ring west of entrance; beware of water moccasin in
                  | room
 14529 | Lair:1   | Noticed a skyshark
 15816 | Lair:2   | Noticed Erica
 15827 | Lair:2   | Killed Erica
 15828 | Lair:2   | Reached XP level 13. HP: 104/107 MP: 4/13
 15907 | Lair:2   | Found a staircase to the Snake Pit.
 15965 | Lair:2   | Reached skill level 1 in Evocations
 16673 | Lair:2   | Identified a scroll of acquirement
 16673 | Lair:2   | Acquired the +9 kite shield of Zin, Summoning {rF+ Str+3
                  | Stlth-}
 16798 | Lair:3   | Noticed Gastronok
 16903 | Lair:3   | Reached skill level 5 in Shields
 17006 | Lair:3   | Found a dark tunnel.
 17009 | Lair:3   | Volcano entrance in northeast.
 17215 | Volcano  | Entered a volcano
 17404 | Volcano  | Found a bloodstained altar of Trog.
 17430 | Volcano  | Reached skill level 1 in Invocations
 18252 | Lair:3   | Found a staircase to the Shoals.
 18258 | Lair:3   | Reached skill level 10 in Armour
 18390 | Lair:3   | Killed Gastronok
 18739 | Lair:4   | Reached XP level 14. HP: 115/115 MP: 5/16
 19071 | Lair:4   | Identified the +2 ring mail of Asofaell {+Inv rF- MP+9}
 19084 | Lair:4   | Identified the -1 pair of gloves of Vagum {rPois Regen+}
 19085 | Lair:4   | In the northwest.
 19812 | Lair:5   | Entered Level 5 of the Lair of Beasts
 19853 | Lair:5   | Noticed a dire elephant
 19940 | Lair:4   | Killed a dire elephant
 20025 | Lair:4   | Reached skill level 10 in Shields
 20060 | Lair:5   | Found a viscous altar of Jiyva.
 20081 | Lair:5   | Found a staircase to the Slime Pits.
 20575 | Lair:5   | Found the ring of Shadows {Umbra +Inv Stlth+}
 20588 | Lair:5   | Identified the ring "Tuwolaov" {MP+9 Stlth+}
 20611 | Lair:5   | Identified the +5 chain mail "Keeseas" {Int+6}
 20673 | Lair:5   | Identified the +3 spear of Loiff {spect, Will+}
 21672 | Lair:5   | Merfolk avatar ending. Surprisingly difficult; took me
                  | several items to survive!
 22099 | D:8      | Killed Amaemon
 22100 | D:8      | Reached XP level 15. HP: 102/123 MP: 5/17
 22353 | D:8      | Identified the +12 sling of Igeenell {elec, rF+ Str-4
                  | Int+5}
 22447 | D:6      | Killed Laveh's ghost
 23730 | D:13     | Found a runed translucent door.
 23730 | D:13     | Found a shimmering altar of Xom.
 23730 | D:13     | Noticed Ziazargh's ghost (journeyman DsFi)
 23736 | D:13     | +2 lajatang of CHAOS with the ghost.
 23745 | D:13     | Got the Book of the Unstable Gang
 24119 | D:13     | Found a gate to the Vaults.
 25117 | D:14     | Found an ancient bone altar of Kikubaaqudgha.
 25491 | D:15     | Entered Level 15 of the Dungeon
 25645 | D:15     | Found a frozen archway.
 25672 | IceCv    | Entered an ice cave
 25834 | IceCv    | Noticed a rockslime
 25840 | IceCv    | Noticed an azure jelly
 25840 | IceCv    | Noticed an azure jelly
 25851 | IceCv    | Killed a rockslime
 25854 | IceCv    | Noticed an azure jelly
 25866 | IceCv    | Killed an azure jelly
 25880 | IceCv    | Killed an azure jelly
 25889 | IceCv    | Killed an azure jelly
 25921 | IceCv    | Found a viscous altar of Jiyva.
 25932 | IceCv    | Got the ring "Vagaz" {rC+ rCorr Int+2 Stlth+}
 25933 | IceCv    | Oh, what a fitting ring for this place.
 25933 | IceCv    | The end fight is so hard but wands of digging help reach it
                  | sooner; this is a really hard portal level in general,
                  | especially for one this early in the game.
 25933 | IceCv    | rC+++ was still rough against azure jellies this early.
 26035 | D:15     | Found Egufelog's Magic Scroll Shop.
 26067 | D:15     | Ice cave in west. Gauntlet in north towards east.
 26166 | D:15     | Reached XP level 16. HP: 110/133 MP: 12/18
 26192 | D:15     | Bought a scroll of enchant weapon for 105 gold pieces
 26192 | D:15     | Bought a scroll of enchant weapon for 105 gold pieces
 26192 | D:15     | Bought a scroll of noise for 14 gold pieces
 26893 | D:15     | Reached skill level 15 in Polearms
 27001 | D:15     | Found a transporter.
 27080 | Abyss:2  | Cast into level 2 of the Abyss (a wizard)
 27091 | Abyss:2  | Found a corrupted altar of Lugonu.
 27158 | Abyss:2  | Noticed a tentacled starspawn
 27179 | Abyss:2  | Killed a tentacled starspawn
 27206 | Abyss:2  | Noticed a revenant
 27228 | Abyss:2  | Killed a revenant
 27807 | Abyss:2  | Noticed a tentacled starspawn
 27917 | Abyss:2  | Killed a tentacled starspawn
 27918 | Abyss:2  | Reached skill level 15 in Shields
 27920 | D:15     | Escaped the Abyss
 28088 | D:15     | Found a staircase to the Depths.
 28440 | D:11     | Found a staircase to the Orcish Mines.
 28443 | D:11     | Orc Mines entrance at center of floor.
 28571 | D:11     | Killed Nergalle
 28600 | Orc:1    | Entered Level 1 of the Orcish Mines
 28600 | Orc:1    | Found Nithar Wuym's Jewellery Shop.
 28767 | Orc:2    | Entered Level 2 of the Orcish Mines
 28854 | Orc:2    | Found a staircase to the Elven Halls.
 29195 | Orc:2    | Paralysed by an orc sorcerer for 3 turns
 29256 | Orc:2    | Reached skill level 15 in Fighting
 29370 | Orc:2    | Paralysed by an orc sorcerer for 2 turns
 29402 | Orc:2    | Noticed Donald
 29449 | Orc:2    | Killed Donald
 29680 | Orc:2    | Found Oxovihot's General Store.
 29683 | Orc:2    | Found Etudior's Antique Armour Boutique.
 29697 | Orc:2    | Bought an embroidered scarf for 272 gold pieces
 29697 | Orc:2    | Bought a glowing helmet for 255 gold pieces
 29715 | Orc:2    | Bought a box of beasts for 640 gold pieces
 29776 | Orc:2    | Found Xuem's Book Boutique.
 29782 | Orc:2    | 1120 gold for evoc manual
 29797 | Orc:2    | Found Voteom's Book Shop.
 29805 | Orc:2    | 1280 gold for spellcasting manual
 29841 | Orc:2    | Found Veofawaev's Antique Weapon Boutique.
 30037 | Shoals:1 | Entered Level 1 of the Shoals
 30192 | Shoals:1 | Noticed a kraken
 30434 | Shoals:1 | Reached XP level 17. HP: 134/142 MP: 17/19
 30551 | Shoals:1 | Noticed a kraken
 30666 | Shoals:1 | Identified the +2 robe "Yhoithoxt" {Harm Dex+2}
 30756 | Shoals:1 | Noticed a kraken
 31606 | Shoals:2 | Reached skill level 10 in Dodging
 32805 | Shoals:4 | Entered Level 4 of the Shoals
 32953 | Shoals:3 | Reached skill level 5 in Evocations
 33873 | Shoals:4 | Found the +5 robe of Night {Dark Will+ SInv}
 33931 | Shoals:4 | Reached XP level 18. HP: 149/151 MP: 17/20
 34072 | Shoals:4 | Got a barnacled rune of Zot
 34073 | Shoals:4 | rune in southwest "icy" vault
 34186 | Shoals:4 | Got the Quarto of Blazing Permutations
 34866 | Snake:1  | Entered Level 1 of the Snake Pit
 35289 | Snake:1  | Found Zicopt's Distillery.
 35291 | Snake:1  | Found Hebrimuu's Book Shop.
 35291 | Snake:1  | Found Maprenir's Antique Weapon Boutique.
 35294 | Snake:1  | Found Muoso's Armour Boutique.
 35302 | Snake:1  | Bought a potion of curing for 54 gold pieces
 35302 | Snake:1  | Bought a potion of curing for 54 gold pieces
 35302 | Snake:1  | Bought a potion of curing for 54 gold pieces
 35302 | Snake:1  | Bought a potion of cancellation for 144 gold pieces
 36156 | Snake:2  | Noticed Roxanne
 36176 | Snake:2  | Noticed Saint Roka
 36202 | Snake:2  | Killed Saint Roka
 36308 | Snake:2  | Killed Roxanne
 36737 | Snake:2  | Noticed Nikola
 36786 | Snake:2  | Killed Nikola
 37050 | Snake:2  | Reached skill level 1 in Throwing
 38472 | Snake:4  | Entered Level 4 of the Snake Pit
 38557 | Snake:3  | Reached XP level 19. HP: 156/161 MP: 19/21
 39242 | Snake:4  | Anaconda undead vault.
 39355 | Snake:4  | Identified the +2 helmet of Hiaheheeh {Regen+ Int+3 Dex+4}
 39369 | Snake:4  | Artifact helmet in the east.
 39439 | Snake:4  | Identified the ring "Cunk" {rF+ Str+2 SInv}
 40294 | Snake:4  | Got a serpentine rune of Zot
 40689 | D:13     | Killed Ziazargh's ghost
 40772 | Vaults:1 | Entered Level 1 of the Vaults
 40895 | Vaults:1 | Beware of welcome party, with vault warden and guards.
                  | Yaktaur group in room just a few steps north of Vaults
                  | entrance/exit.
 41266 | Orc:1    | Bought a ring of willpower for 350 gold pieces
 41513 | Vaults:1 | Reached XP level 20. HP: 172/172 MP: 22/22
 42458 | Vaults:1 | Found Ceapt's Assorted Antiques.
 42469 | Vaults:1 | Bought a scroll of poison for 144 gold pieces
 42469 | Vaults:1 | Bought a wand of polymorph (8) for 403 gold pieces
 42921 | Vaults:2 | Found Naes Mif's Antique Weapon Shoppe.
 43187 | Vaults:2 | Found Xionneull's General Store.
 43197 | Vaults:2 | Bought a scroll of teleportation for 57 gold pieces
 43197 | Vaults:2 | Bought a scroll of fear for 76 gold pieces
 43435 | Vaults:2 | Found a staircase to the Crypt.
 44104 | Vaults:2 | Acquired 729 gold pieces
 44667 | Vaults:2 | Bought a potion of resistance for 190 gold pieces
 44771 | Vaults:3 | Reached XP level 21. HP: 182/182 MP: 23/23
 44865 | Vaults:3 | Learned a level 2 spell: Passwall
 45019 | Vaults:3 | Noticed Mennas
 45307 | Vaults:3 | Noticed Aizul
 45342 | Vaults:3 | Killed Aizul
 45562 | Vaults:3 | Found a transporter.
 45592 | Vaults:3 | Found a transporter.
 45636 | Vaults:3 | Zot trap treasure vault.
 45902 | Vaults:4 | Whoops.
 46214 | Vaults:4 | Identified the +5 trident of the Egg {heavy, rC- Will+
                  | Str+9 Dex-2}
 46390 | Vaults:4 | Noticed a golden dragon
 46400 | Vaults:4 | Killed a golden dragon
 46559 | Vaults:4 | Identified the +3 sling of the Twelve Planets {flame, rPois
                  | Will++ Dex+3}
 46597 | Vaults:4 | Identified the +5 short sword of Qazlal {flame, rElec rCorr
                  | Str-4 Dex+3}
 46880 | Vaults:4 | Noticed Boris
 46914 | Vaults:4 | Killed Boris
 47563 | Elf:1    | Entered Level 1 of the Elven Halls
 48082 | Orc:1    | Bought a ring of positive energy for 280 gold pieces
 48287 | D:2      | Bought a potion of curing for 42 gold pieces
 48287 | D:2      | Bought a potion of curing for 42 gold pieces
 48287 | D:2      | Bought a potion of curing for 42 gold pieces
 48287 | D:2      | Bought a potion of might for 56 gold pieces
 48287 | D:2      | Bought a potion of berserk rage for 70 gold pieces
 48744 | Elf:1    | Paralysed by an air elemental for 1 turns
 48798 | Elf:1    | Found Deelicen's Distillery.
 48849 | Elf:1    | Bought a potion of cancellation for 128 gold pieces
 48849 | Elf:1    | Bought 2 potions of resistance for 320 gold pieces
 48849 | Elf:1    | Bought a potion of curing for 48 gold pieces
 49251 | Elf:1    | Got Paecilae's Compilation of Arcane Combat
 49392 | Elf:1    | Found Kayfeos's General Store.
 49400 | Elf:1    | Bought a wand of paralysis (3) for 79 gold pieces
 49400 | Elf:1    | Bought a potion of resistance for 110 gold pieces
 49910 | Elf:2    | Found a runed translucent gate.
 49910 | Elf:2    | Found a runed translucent gate.
 49910 | Elf:2    | Found a runed translucent gate.
 50151 | Elf:2    | Paralysed by an air elemental for 1 turns
 50221 | Elf:2    | Identified the +6 trident of the Warrior {heavy, rF+ Dex+4
                  | Stlth+}
 50725 | Elf:2    | Reached XP level 22. HP: 194/194 MP: 24/24
 51003 | Elf:3    | Entered Level 3 of the Elven Halls
 51447 | Elf:3    | Paralysed by an air elemental for 1 turns
 51630 | Abyss:2  | Cast into level 2 of the Abyss (a deep elf demonologist)
 51816 | Abyss:2  | Found a corrupted altar of Lugonu.
 51838 | Elf:3    | Escaped the Abyss
 51852 | Elf:2    | Reached skill level 1 in Transmutations
 52548 | Elf:3    | Identified the ring "Zuteis" {Wiz rPois rN+ Str-2 Dex+2}
 52849 | Elf:3    | Reached skill level 5 in Invocations
 53054 | Elf:3    | Identified the +2 halberd "Himat" {drain, rElec}
 53054 | Elf:3    | Identified the amulet of Jealousy {Acrobat -Cast Str+5
                  | Dex+2}
 53084 | Elf:3    | Reached skill level 15 in Stealth
 53277 | Elf:3    | Identified the amulet of Suspicion {Faith rPois Str+3
                  | Slay+2}
 53277 | Abyss:3  | Cast into level 3 of the Abyss (a deep elf demonologist)
 53282 | Abyss:3  | Found a corrupted altar of Lugonu.
 53285 | Abyss:3  | Found a corrupted altar of Lugonu.
 53470 | Elf:3    | Escaped the Abyss
 53516 | Elf:3    | Acquired the ring of the Wary Lies {Fire +Blink rElec MP+9
                  | SInv}
 53618 | Elf:3    | Got the Precepts of the Compass and the Pyromaniac
 53625 | Elf:3    | Identified the +6 whip of Tortfeasance {flame, rCorr Int+4
                  | Stlth+}
 53977 | Depths:1 | Entered Level 1 of the Depths
 54120 | Depths:1 | Noticed Boris
 54167 | Depths:1 | Killed Boris
 54367 | Depths:1 | Reached skill level 1 in Spellcasting
 54516 | Depths:1 | Found a radiant altar of Vehumet.
 54518 | Depths:1 | Found a gateway to Hell.
 54664 | Depths:1 | Found Paumem's Pet Rocks.
 54961 | Depths:1 | Reached XP level 23. HP: 121/205 MP: 7/27
 55271 | Depths:2 | Found Gozag's Antique Armour Emporium.
 55423 | Depths:2 | Found a one-way gate leading to the halls of Pandemonium.
 55522 | Abyss:3  | Cast into level 3 of the Abyss (a wizard)
 55598 | Abyss:3  | Gained mutation: You are frail. (-10% HP) [a neqoxec]
 55606 | Abyss:3  | Gained mutation: Your spells are a little easier to cast,
                  | but a little less powerful. [a neqoxec]
 55867 | Abyss:3  | Gained mutation: Armour fits poorly on your strangely
                  | shaped body. [a neqoxec]
 55874 | Abyss:3  | Lost mutation: Armour fits poorly on your strangely shaped
                  | body. [potion of mutation]
 55874 | Abyss:3  | Lost mutation: Your spells are a little easier to cast, but
                  | a little less powerful. [potion of mutation]
 55874 | Abyss:3  | Lost mutation: You are frail. (-10% HP) [potion of
                  | mutation]
 55874 | Abyss:3  | Gained mutation: Your magical capacity is low. (-10% MP)
                  | [potion of mutation]
 55910 | Abyss:3  | Paralysed by accursed screaming for 2 turns
 55927 | Abyss:3  | Paralysed by accursed screaming for 1 turns
 56028 | Abyss:3  | Found a corrupted altar of Lugonu.
 56146 | Abyss:3  | Noticed an ancient lich
 56185 | Abyss:3  | Killed an ancient lich
 56237 | Abyss:3  | Found a corrupted altar of Lugonu.
 56383 | Abyss:4  | Found a corrupted altar of Lugonu.
 56433 | Abyss:4  | Gained mutation: Your spells are a little harder to cast,
                  | but a little more powerful. [a cacodemon]
 56446 | Abyss:4  | Lost mutation: Your spells are a little harder to cast, but
                  | a little more powerful. [a cacodemon]
 56656 | Abyss:4  | Paralysed by a floating eye for 2 turns
 56665 | Abyss:4  | Paralysed by a floating eye for 3 turns
 56708 | Abyss:4  | Paralysed by a floating eye for 3 turns
 56721 | Abyss:4  | Most annoying vault ever!
 56750 | Abyss:4  | Got an abyssal rune of Zot
 56757 | Abyss:4  | Found a corrupted altar of Lugonu.
 56876 | Abyss:5  | Found a corrupted altar of Lugonu.
 56899 | Abyss:5  | Gained mutation: Armour fits poorly on your strangely
                  | shaped body. [a neqoxec]
 57118 | Depths:2 | Escaped the Abyss
 57144 | Depths:2 | Lost mutation: Armour fits poorly on your strangely shaped
                  | body. [potion of mutation]
 57144 | Depths:2 | Lost mutation: Your magical capacity is low. (-10% MP)
                  | [potion of mutation]
 57144 | Depths:2 | Gained mutation: You do not regenerate when monsters are
                  | visible. [potion of mutation]
 57145 | Depths:2 | Lost mutation: You do not regenerate when monsters are
                  | visible. [potion of mutation]
 57145 | Depths:2 | Gained mutation: You occasionally lose the ability to read
                  | scrolls when taking damage. [potion of mutation]
 57146 | Depths:2 | Lost mutation: You occasionally lose the ability to read
                  | scrolls when taking damage. [potion of mutation]
 57146 | Depths:2 | Gained mutation: You have a pair of small antennae on your
                  | head. [potion of mutation]
 57146 | Depths:2 | Gained mutation: You occasionally lose the ability to read
                  | scrolls when taking damage. [potion of mutation]
 57146 | Depths:2 | Gained mutation: You expend magic power (3 MP) to
                  | strengthen your wands. [potion of mutation]
 57146 | Depths:2 | Gained mutation: You are agile. (Dex +4, Str/Int -1)
                  | [potion of mutation]
 57217 | Depths:2 | Found Gozag's Antique Weapon Shoppe.
 57226 | Depths:2 | Found an opulent altar of Gozag.
 57226 | Depths:2 | Noticed a golden dragon
 57253 | Depths:2 | Found Gozag's Antique Weapon Shoppe.
 57351 | Depths:1 | Killed a golden dragon
 57356 | Depths:1 | Lost mutation: You are agile. (Dex +4, Str/Int -1) [potion
                  | of mutation]
 57356 | Depths:1 | Lost mutation: You expend magic power (3 MP) to strengthen
                  | your wands. [potion of mutation]
 57356 | Depths:1 | Lost mutation: You have a pair of small antennae on your
                  | head. [potion of mutation]
 57356 | Depths:1 | Gained mutation: You have supernaturally acute eyesight.
                  | (SInv) [potion of mutation]
 57563 | Depths:2 | Reached XP level 24. HP: 216/216 MP: 27/27
 57643 | Depths:2 | Found a one-way gateway to a ziggurat.
 57970 | Orc:2    | Bought a manual of Evocations for 1120 gold pieces
 57991 | Orc:2    | Bought a manual of Spellcasting for 1280 gold pieces
 58506 | Depths:3 | Found an iron altar of Okawaru.
 58961 | Depths:3 | Found Boackez's Book Shoppe.
 59042 | Depths:3 | Found Zuinlym's General Store.
 59179 | Depths:3 | Bought a scroll of enchant weapon for 82 gold pieces
 59203 | Depths:3 | Noticed a juggernaut
 59226 | Depths:3 | Killed a juggernaut
 59241 | Depths:3 | Found a one-way gate to the infinite horrors of the Abyss.
 59532 | Depths:3 | Seems to be a Dis-themed Hell vault. Iron dragon. Gold.
                  | Metal walls.
 59646 | Depths:3 | Identified the staff of fire "Xat Olak" {Fragile rElec rF+
                  | Str+9 Int-4}
 59902 | Depths:4 | Entered Level 4 of the Depths
 60550 | Depths:4 | Found a glowing silver altar of Zin.
 60862 | Depths:4 | What is this vault?
 61165 | Depths:4 | Found a gate to the Realm of Zot.
 61703 | Vaults:5 | Entered Level 5 of the Vaults
 61704 | Vaults:5 | Downhatch on Vaults:4 leads to just north of other
                  | downstairs.
 61819 | Vaults:5 | Acquired a manual of Ice Magic
 62301 | Vaults:5 | Reached XP level 25. HP: 223/225 MP: 12/29
 62639 | Vaults:5 | Identified the +9 morningstar of World Downfall {flame,
                  | rElec rF+ Will-}
 62639 | Vaults:5 | Identified the +7 shadow dragon scales of Gyecral {rPois
                  | rC+ Stlth++++}
 62671 | Vaults:5 | Reached skill level 10 in Evocations
 62774 | Vaults:5 | Noticed a dread lich
 62806 | Vaults:5 | Killed a dread lich
 63111 | Vaults:5 | Noticed a dread lich
 63125 | Vaults:5 | Noticed a dread lich
 63135 | Vaults:5 | Killed a dread lich
 63327 | Vaults:5 | Identified the +1 falchion "Vafoung" {venom, *Rage Str+4
                  | Dex+5}
 63421 | Vaults:5 | Identified the ring "Feoziyth" {rC++ Will- Str+3 Int+3
                  | SInv}
 63444 | Vaults:5 | Noticed a dread lich
 63474 | Vaults:5 | Killed a dread lich
 63488 | Vaults:5 | Reached skill level 5 in Spellcasting
 63517 | Vaults:5 | Killed a dread lich
 64274 | Vaults:5 | Identified a ring "Iwkeit" {rN+ Dex+2}
 64369 | Vaults:5 | Got the Opusculum on the Moving Dragon
 64409 | Vaults:5 | Got a silver rune of Zot
 64793 | Crypt:1  | Entered Level 1 of the Crypt
 65232 | Crypt:1  | Identified the ring of Zuemopt {rC+ rCorr Int+3 Dex+3}
 65268 | Crypt:1  | Identified the ring of Xed Ymas {Ice *Slow rN+ Int+2}
 65268 | Crypt:1  | Noticed Josephina
 65621 | Crypt:1  | Reached XP level 26. HP: 216/216 MP: 33/35
 65738 | Crypt:1  | Dead humans vault.
 65752 | Crypt:1  | Identified the staff of conjuration "Yref" {rElec Str-4
                  | Dex-3 SInv}
 65753 | Crypt:1  | crappy randart staff B)
 65916 | Crypt:1  | Identified the +4 hand axe of Firyof {elec, Will+ Str+4}
 66254 | Vaults:1 | Bought encrusted fire dragon scales for 2340 gold pieces
 66254 | Vaults:1 | Identified the +2 fire dragon scales of Laurch {rPois rF++
                  | rC-} (You bought it in a shop on level 1 of the Vaults)
 66256 | Vaults:1 | Underwhelming!
 67561 | Shoals:1 | Found a runed translucent door.
 67856 | Shoals:1 | Identified the +1 pair of boots "Oses" {rElec Regen+}
 67871 | Shoals:1 | Identified the +7 whip of Greed {venom, rN+ Int+3}
 68032 | Slime:1  | Entered Level 1 of the Pits of Slime
 68175 | Slime:2  | Noticed Dissolution
 68190 | Slime:1  | Reached skill level 10 in Spellcasting
 68228 | Slime:1  | Paralysed by a floating eye for 3 turns
 68231 | Slime:1  | Gained mutation: Your body sometimes deteriorates upon
                  | taking damage. [a shining eye]
 68233 | Slime:1  | Killed Dissolution
 68478 | Slime:3  | Paralysed by a floating eye for 2 turns
 68641 | Slime:5  | Entered Level 5 of the Pits of Slime
 69160 | Slime:4  | Paralysed by a floating eye for 3 turns
 69513 | Slime:4  | Reached skill level 15 in Armour
 69823 | Slime:5  | Gained mutation: Your body often deteriorates upon taking
                  | damage. [a shining eye]
 69852 | Slime:5  | Gained mutation: You are vulnerable to heat. (rF-) [a
                  | shining eye]
 69854 | Slime:5  | Gained mutation: Your magical capacity is low. (-10% MP) [a
                  | shining eye]
 69871 | Slime:5  | Lost mutation: Your magical capacity is low. (-10% MP)
                  | [potion of mutation]
 69871 | Slime:5  | Lost mutation: You occasionally lose the ability to read
                  | scrolls when taking damage. [potion of mutation]
 69871 | Slime:5  | Lost mutation: You have supernaturally acute eyesight.
                  | (SInv) [potion of mutation]
 69871 | Slime:5  | Gained mutation: Armour fits poorly on your strangely
                  | shaped body. [potion of mutation]
 69871 | Slime:5  | Gained mutation: You are partially covered in large bone
                  | plates. (SH +4) [potion of mutation]
 70467 | Slime:5  | Reached skill level 15 in Evocations
 70590 | Slime:5  | Found a viscous altar of Jiyva.
 70773 | Slime:5  | Gained mutation: You occasionally shout uncontrollably at
                  | your foes. [a shining eye]
 70779 | Slime:5  | Noticed the Royal Jelly
 71269 | Zot:1    | Entered Level 1 of the Realm of Zot
 71738 | Zot:1    | Reached XP level 27. HP: 124/242 MP: 11/38
 73738 | Zot:2    | You fall into a shaft and drop 1 floor!
 73739 | Zot:3    | Scary!
 74673 | Zot:3    | Reached skill level 10 in Invocations
 75192 | Zot:3    | Identified the +0 chain mail "Ceg Tir" {rC- rN+ Dex+8}
 75202 | Zot:3    | Identified the staff of air "Cadgheot" {rElec Str+4}
 75259 | Zot:3    | Identified the ring of the Open Hand {rF+ rC+ rN+ Str+4}
 75261 | Zot:3    | FINALLY A GOOD RING WITHOUT COMPROMISES
 75296 | Zot:3    | Identified the +1 robe "Lorosiur" {Will+}
 75547 | Zot:3    | Noticed an orb of fire
 75562 | Zot:3    | Gained mutation: You have sharp fingernails. [an orb of
                  | fire]
 75576 | Zot:3    | Killed an orb of fire
 76588 | Zot:4    | Oh, nice.
 76602 | Zot:4    | Wait, I'll still need to clear this floor! Maybe.
 76603 | Zot:5    | Entered Level 5 of the Realm of Zot
 76605 | Zot:5    | Wow. What an awful layout.
 77061 | D:2      | Bought a potion of mutation for 112 gold pieces
 77061 | D:2      | Bought a potion of brilliance for 56 gold pieces
 77061 | D:2      | Lost mutation: You are partially covered in large bone
                  | plates. (SH +4) [potion of mutation]
 77061 | D:2      | Lost mutation: Armour fits poorly on your strangely shaped
                  | body. [potion of mutation]
 77061 | D:2      | Gained mutation: You are robust. (+10% HP) [potion of
                  | mutation]
 77061 | D:2      | Gained mutation: You occasionally lose the ability to drink
                  | potions when taking damage. [potion of mutation]
 77061 | D:2      | Lost mutation: You are vulnerable to heat. (rF-) [potion of
                  | mutation]
 77061 | D:2      | Gained mutation: You have a pair of small horns on your
                  | head. [potion of mutation]
 77293 | Snake:1  | Bought a potion of mutation for 144 gold pieces
 77293 | Snake:1  | Lost mutation: You occasionally lose the ability to drink
                  | potions when taking damage. [potion of mutation]
 77293 | Snake:1  | Lost mutation: You are robust. (+10% HP) [potion of
                  | mutation]
 77293 | Snake:1  | Lost mutation: You have sharp fingernails. [potion of
                  | mutation]
 77293 | Snake:1  | Gained mutation: You are partially covered in iridescent
                  | scales. (AC +2) [potion of mutation]
 77293 | Snake:1  | Gained mutation: You are mostly covered in iridescent
                  | scales. (AC +4) [potion of mutation]
 77465 | Orc:2    | Bought a book of Air for 308 gold pieces
 77465 | Orc:2    | Bought a book of Storms for 364 gold pieces
 77465 | Orc:2    | Bought a book of the Sky for 616 gold pieces
 77469 | Orc:2    | Learned a level 3 spell: Swiftness
 79487 | Zot:4    | Reached skill level 1 in Ice Magic
 80246 | Zot:5    | Found a runed translucent door.
 80249 | Zot:5    | Noticed monsoonserge's ghost (legendary SpHu)
 80827 | Zot:5    | Reached skill level 1 in Air Magic
 81362 | Zot:5    | Noticed an orb of fire
 81372 | Zot:5    | Noticed a dread lich
 81382 | Zot:5    | Gained mutation: Your magical capacity is low. (-10% MP)
                  | [an orb of fire]
 81391 | Zot:5    | Noticed an orb of fire
 81402 | Zot:5    | Killed an orb of fire
 81412 | Zot:5    | Paralysed by something for 4 turns
 81686 | Zot:4    | Killed a dread lich
 81744 | Zot:5    | Gained mutation: You frequently scream uncontrollably at
                  | your foes. [an orb of fire]
 81757 | Zot:5    | Gained mutation: You occasionally lose the ability to drink
                  | potions when taking damage. [an orb of fire]
 81761 | Zot:5    | Gained mutation: Your magical capacity is very low. (-20%
                  | MP) [an orb of fire]
 81771 | Zot:5    | Gained mutation: You occasionally lose the ability to read
                  | scrolls when taking damage. [an orb of fire]
 81779 | Zot:5    | Killed an orb of fire
 82038 | Zot:5    | Reached skill level 15 in Invocations
 82659 | Zot:5    | Noticed an orb of fire
 82683 | Zot:5    | Gained mutation: Your magical capacity is extremely low.
                  | (-30% MP) [an orb of fire]
 82686 | Zot:5    | Noticed an orb of fire
 82691 | Zot:5    | Noticed an orb of fire
 82699 | Zot:5    | Gained mutation: You are frail. (-10% HP) [an orb of fire]
 83829 | Zot:5    | Reached skill level 5 in Air Magic
 83832 | Zot:5    | Killed an orb of fire
 84059 | Zot:5    | Killed an orb of fire
 85115 | Zot:5    | Noticed an ancient lich
 85163 | Zot:5    | Killed an ancient lich
 85255 | Zot:5    | Noticed an orb of fire
 85264 | Zot:5    | Killed an orb of fire
 85265 | Zot:5    | Noticed an ancient lich
 85275 | Zot:5    | Killed an ancient lich
 85734 | Zot:5    | Gained mutation: You sometimes lose the ability to drink
                  | potions when taking damage. [an orb of fire]
 85751 | Zot:5    | Killed an orb of fire
 87405 | Crypt:3  | Entered Level 3 of the Crypt
 87405 | Crypt:3  | Noticed Margery
 87475 | Crypt:3  | Noticed Bai Suzhen
 88340 | Crypt:2  | Killed Bai Suzhen
 88833 | Crypt:3  | Found a staircase to the Tomb.
 88877 | Crypt:3  | Identified the +2 cloak of Sin {Str+5 Dex+3}
 89110 | Crypt:3  | Noticed an ancient lich
 89110 | Crypt:3  | Noticed a dread lich
 89114 | Crypt:3  | Noticed an ancient lich
 89405 | Crypt:3  | Killed Margery
 89638 | Crypt:3  | Killed a dread lich
 89668 | Crypt:3  | Killed an ancient lich
 89734 | Crypt:3  | Killed an ancient lich
 89746 | Crypt:3  | Identified the +9 plate armour "Dapleago" {Int+3}
 89750 | Crypt:3  | Identified the +6 battleaxe of Isohus {venom, Dex+2}
 90644 | Zot:5    | Lost mutation: Your magical capacity is extremely low.
                  | (-30% MP) [potion of mutation]
 90644 | Zot:5    | Lost mutation: You are frail. (-10% HP) [potion of
                  | mutation]
 90644 | Zot:5    | Lost mutation: You have a pair of small horns on your head.
                  | [potion of mutation]
 90644 | Zot:5    | Gained mutation: You sometimes lose the ability to read
                  | scrolls when taking damage. [potion of mutation]
 90644 | Zot:5    | Lost mutation: You sometimes lose the ability to read
                  | scrolls when taking damage. [potion of mutation]
 92454 | Zot:5    | Got the Orb of Zot
 92992 | Depths:1 | Noticed a seraph
 93041 | D:15     | Noticed Emypheng the pandemonium lord
 93070 | D:15     | Killed Emypheng the pandemonium lord
 93680 | D:15     | Noticed Nudiow the pandemonium lord
 93697 | D:14     | Killed Nudiow the pandemonium lord
 94216 | D:12     | Noticed Ykha the pandemonium lord
 94250 | D:11     | Noticed Kianeck the pandemonium lord
 94285 | D:10     | Noticed Biusches the pandemonium lord
 94367 | D:9      | Gained mutation: You are occasionally teleported next to
                  | monsters. [a neqoxec]
 94420 | D:8      | Noticed an ancient lich
 94441 | D:8      | Killed an ancient lich
 94454 | D:8      | Noticed Nioddid the pandemonium lord
 94495 | D:7      | Noticed Deneun the pandemonium lord
 94541 | D:6      | Noticed Mudu the pandemonium lord
 95894 | D:5      | Noticed Hietam the pandemonium lord
 96006 | D:4      | Noticed Mytomoijis the pandemonium lord
 96040 | D:4      | Killed Mytomoijis the pandemonium lord
 96111 | D:3      | Noticed a seraph
 97252 | D:$      | Escaped with the Orb!

Illustrated notes ############# #...#...#...# #.8...<.#.8.+ #...#...#..@# ##.###.###.## #.# #.# #.# ##.###.###.## #...#...#...# #.8.#.8.#.8.# #...#...#...# ##.###.###.## #.# #.# #.# Turn 52 on D:1: Starting vault: statue link halls .# .# ## .## #.. .(## #... ..(#################.... #..####...###...####..# #..###....###....###..# #..###....###....###..# #..##..#...#...#@.##..# ##..#).##(....##..#..## .##....###...###....## .###...###...###...## .#########...####### .......######## ###.##.### [..).....# #. #.. .# .#.......###.##..#.. Turn 308 on D:1: Glass wall teeth vault. #.* #.# *,,* #.# #.### *,** #.# #..~## *####,,* #.# ####.~~~#*#...**,* #<###.##..~~##~..,~*,* ####......#.#~≈#≈~≈#~~*,* ..........5.#~≈#≈.≈#~~*,* ............#~≈#≈∩≈#~~*,* ####.#.....##.≈#@.≈#~~*,* ####.##...###†≈#≈†≈#~,*,* )....###..).#~≈#≈.≈#~~*,* ###### ######~...~##,~*,* ##...##*~~~,* ##### **~,,* ***** Turn 2728 on D:3: Sewer entrance in southeast. ..#.. #.#.#### # #.#....# #.#.#....#### #.#.#........ #..........# #.#.#....#.# ###.#....# #.@.#....# #.###....# #. ##...# #. #....+ ##.###....# #.........+ ######....# #.#### ## #†# #. Turn 4943 on D:5: staff of fire in northwest ######.#.##......#### ........#...........# ######.#.###........## ## #.### #....♣♣...# .. ... #..♣..♣.).# ## ##..# ##...♣.♣...# ### #..# #...♣♣♣....# ... #..# #..........# ≈≈. ...# #.....@....# #≈ ##.###.....# ≈≈ ##.#.###### ≈.. ##..# ≈.# .#######.# ≈ # .........# .. ##.#######..## .## #............# ..#.######...# Turn 5629 on D:6: Little woodland vault ##.# #.# #..≈≈≈≈#≈≈≈≈. ...# # ...## #.# #.≈≈≈#≈≈≈≈#≈ # ..<.###.#####.≈#≈≈≈≈#≈≈≈ ..............≈≈≈≈#≈≈≈≈.. ....###..[##.≈≈≈#≈≈≈≈#≈.# .### ...## ###.##.≈#÷≈≈≈#≈≈≈.# .... #### #.##.≈≈≈≈#≈≈≈≈5. ##.#### # #.##....≈≈≈≈#≈.## #...... . #.#####.@..≈≈≈.. ..#.### # #.# ##........ #.# ##...#.#. #.# ...... #.##... .# ## .# .# Turn 5671 on D:6: Lava and deep water vault. Contains electric eel. .....# ####..# #...# ...### #....## #...# +##... #.#...#####...# .##.######..#..........# .##.#.......####.......####### .##..........####†...........# ..#...........##...#.........# [..>#.......#.....###........# .............#..@.###........# .............##....##.######## .............##...##......... .####.......###..##.......... .# #######.###.#............ .# #..#............... ## ##...###........... ###............... #####........... Turn 6744 on D:7: Temple entrance: will of the wisp ..........≈≈≈§≈§§≈≈§≈§≈§ ...........≈≈≈§§§≈≈≈≈≈≈≈§ ............≈≈§≈≈≈≈≈≈§≈≈≈≈ ........_....≈≈≈≈§≈≈≈≈≈≈≈≈≈ ..............≈≈≈≈≈§≈≈§≈≈≈≈§ ..._...........≈§≈§§≈≈≈≈≈≈≈≈ ................§§§§§§≈§≈≈§§≈ ............._..§≈§§§§≈§§§§§≈ ................@§§≈§§≈§§§§≈§ ....._...........§§≈≈≈§§§§≈≈≈ ...............§§§§.≈§§≈§≈≈≈≈ ................._...≈≈≈≈§§≈≈ .....................§§§≈≈≈§≈ ..........._..........≈≈≈≈≈§§ .....................§≈≈§≈≈§≈ ...8............§≈§§§≈§§§§≈≈≈ §........§§≈≈§≈≈§§≈≈§§§≈≈§≈≈§ Turn 7041 on Temple: Temple: lava spade #..#......[. +..'........ #..#........ #..#........ # #+###+###+###.......# #.#.#.#...+...........# ...$.#..##...........# #..#..############## #.†@....# #....#...≈.# #..#.......# #......∩...# ###.......# #.≈...§.# #.......# ##......# Turn 7454 on D:7: Beware of a gnoll with a +7 antimagic spear on this floor. ##.# #............# #.#######†. ##.###.........#.## #........#. ##.........)...#.# #########.# ######.........#.# #.# # #.........#.# #.# # #)........#.# #.# ######).<......#.# #.# #<.))))....#####.# #.# #.########## #@# .# #.# ######.# #.# #...)..# #.# #.###.## #.# #.P ...# #.# .P.. ...... #.# .PPP.PP.hP... ....P.S.PP.PP..P. P...PPP.PP.PPP... Turn 10351 on D:9: Necronomicon is north of lair entrance vault. ######## .......#### .......'..#########+## .......##.#.....††...# .......##.#.......!†.# )......##.#....†)..!.# .......##.#..†.....!.# .......##†#.....@.$..# .......##.†........!.# ###########..........+ ## #.....†.!.†# .# #...)......# .## ####..###### †.# ##..# #†# ..... #'###### ......# Turn 12004 on D:10: Killer bee vault. Ambrosia potions aplenty. #..# #...# #....# #..# #...# #....# #..# #...# #....# #..# #...# #....# #..# #...# #....# #..# #...# #....## ######..###...#####.....: ........(...(..o......... ........@.Z.T.WC......... #####........###......... #..###...# #...###### #######..###...# #...# #..............###...### #....................... #....................... #########............... #...###......... Turn 12749 on D:11: Third cyclops I've seen on this floor. ##.#..## .## #......# ######+.##### #.†....# .##P..........# #.<....# ..+.........# ##.†....# #..........###.......# #.........##........# #.........#..P....... #...@.....+.##......# #.........####......# ##.#..##+## ##.##### ###... #.. #..### .+# #+## Turn 14462 on Lair:1: rPois ring west of entrance; beware of water moccasin in room .....*,** .....,,,** .....,,,,* .....,,*** .....,,* .....*######## ....###....#.##### ...###..†#....##∩## ...##...#....##.@.# ,..##..##....##...# *,.#...##...#....## **##....###.....## #.....#########** ##P...r.####**,P* #.........##,..*** ##.#.......#...,,* ## #####P........,** Turn 17009 on Lair:3: Volcano entrance in northeast. .... .# ...###.## . .......##.. #.......... ........ .... .... #...... ...... ##...##.#[.# ...... P#P......#@#####.....# ....................<. .....................# ...................... ...................... ...................... ......)[#####.#....... .........##P..###..(.. P.......#.##...# .##. Turn 19085 on Lair:4: In the northwest.

####~#####~~~~~..................
~~~~.~~~~⌠#~~##~.................
~8.~.~8~~~#~.##..................
~####~~.~~÷~~~~~...?.............
.~["~~#~~~#~~~~~.................
.#~≈≈~.~~~#~~~÷.÷................
~#~≈≈~#~~~#~~.~.......[..........
~#~~[[#~P~#~~~~~.................
~~#..##~~~#~~~~~@................
~8~~~~8~~.#~~P#..................
~~~~~~~~~⌠#~~##..................
##~~~~#####~~~~~.................
~~~~~~~~.~#~~~~..................
~#~.8~#~P~#~~##..................
~~~~~~~~~~#~~##~.................
###~~###~##~~~~~................[
~~~~~~~~~~~~~~~~.................


Turn 21672 on Lair:5: Merfolk avatar ending. Surprisingly difficult; took me
several items to survive! #.# #..# #.# #.[# #:# #..# #.# ####..# #.# #.....#####
#.# #### #.##....... #.###..### #.##..##### #......#W## #.##..##### #.##..@+(.#
#.##....... #.###..#(## #.##.#####. #.# #..### #.##.# #. #.# #### #.##.# #. #.#
#.##.# #. #.# #.##.# #. #(# #.##.# #. #.# #.##.# #. #.###########.##.###### Turn
23736 on D:13: +2 lajatang of CHAOS with the ghost. *#####* ##.....##* **
####........** *, ##?$....#.....#*** #$........#....,** #@....#._......,,,
#.........#....,,, ##.)....#......*** ####........#**** ##.....##****,
##.####,,,,,, ##.##*,,,,,,,* ##.##,,,,,,,*** ###.###*,,,,*** Turn 25933 on
IceCv: Oh, what a fitting ring for this place. *#.# *###*******,*,** #.#
*..,,,,,,,,,,** #.# *.#*********** #.#********##.# #..,,,,,,,,...#
####.##########..#**####******* #..J....@'.............
.............#...#8............ . .............######......>..... .
####...........# ##.....#.#... #....#####..# ##....#.#... #....# #..# ####...#
.. #....# #..# ####....o #....# #..# #..... #....# #..# #..... Turn 28443 on
D:11: Orc Mines entrance at center of floor. ####.##........## ########.#......#
..########.....### ...##.#####^...#.## .......##.........# ...#..##..^....#.##
...............### ###..#.....#..#### ∩.####.....####.@# ...###8...8###...#
#...##.....##...## ##...#.....#...## .##...........## ####.........##
.8............. ..).)............ )......._.......... Turn 29782 on Orc:2: 1120
gold for evoc manual #...#.....#...##....# ...##.....# .. ##..## ..###.....# .
#..# .## #8...8# #..### ## #.....# ###.#..## .#...#.. #.......# ......
##.#....## #.≈≈...## ##≈@≈..# #≈≈≈..# ####...# #.## ## Turn 29805 on Orc:2: 1280
gold for spellcasting manual ≈≈≈≈≈~~~....... P.~P....P.~~~≈≈≈ ≈≈≈≈≈~~........
.....##..P~~.~~~ ≈≈≈≈~~~........ ~....#P~P~~~P~~ ≈≈≈≈~~~......~. #~.....~~~~~~~
≈≈≈≈~~.......## ####~~....~~)P~~~ ≈≈≈≈~~.....~##~##~~~##~.P..~~)~P~
≈≈≈≈~~......#~~~≈~~~#~~~......~~~ ≈≈≈≈≈~~.....#~~#~#~~##~..........
≈≈≈≈≈~~....~##≈~@~≈# #.....P~P~~~ ≈≈≈≈≈≈~~...###~#~#~###...........
≈≈≈≈≈≈≈~÷~.##~~~≈~..##........... ≈≈≈≈≈≈≈≈~~.###~~~#..##.....~...~~
≈≈≈≈≈≈≈≈≈≈~..#######.....~~~~~~~~ ≈≈≈≈≈≈≈≈≈≈≈≈.#~#.###....~~≈≈≈≈≈≈≈
≈≈≈≈≈≈≈≈≈≈≈≈≈......~~~~~≈≈≈≈≈≈≈≈≈ ≈≈≈≈≈≈≈≈≈≈≈≈≈≈≈≈≈~~~~≈≈≈≈≈≈≈≈≈≈≈≈
≈≈≈≈≈≈≈≈≈≈≈≈≈≈)≈≈≈≈≈≈≈≈≈≈≈≈≈≈[)≈≈ Turn 34073 on Shoals:4: rune in southwest
"icy" vault #........#.#.## #.#.#....#.#..# .####..###.#..# . ..# ###..#.?..# ..
..## ###.#...# ... ...# ###...#### ...~ #..###.#....# #####.~... ..###..#.##.#
#..'...Z.. ..# #..#. #.###.@## ..###..#. #...#...# ##.##.##. ###.....# ###..##.#
####### #...#.## ..##.#.# .......# #......# #......## Turn 39242 on Snake:4:
Anaconda undead vault. #.. ###.# #...## #....# #.... #...# #...# ##.@[# #....##
##(....# # #.....## ## #......## .## ###.##...# ..########..#.# #...##
†##[<#).....#.#####..# #..[)))...# . #......## ### Turn 39369 on Snake:4:
Artifact helmet in the east. #....#.#....# #....#.#....# #))..#.'....#
#))..#.#....# ..##.)..#.#....# #.####+##.###### ..##..)).......#
#.##...........# #.##∩@.........# ###.##...........# #...##...........#
#.###.##''####'######.# #...................... #.###.###.#.#.#.#.###.#
#...)?#.#.#.#.# # ############### Turn 40895 on Vaults:1: Beware of welcome
party, with vault warden and guards. Yaktaur group in room just a few steps
north of Vaults entrance/exit. ##...####### #. ###.......# ##. #######.# #.. #.#
#.. #### #.# ### #=^!###.# #. #^(.###.###########+# #. +|^!###..#..........# ##
#.(©###@.'..........# # +:^$###..#..........# # #.$^###.##..........####
#)^=###.##......[...#... #### #.##..........#... #.##..........#...
#######.##..........#... ###.......##..........'... ##...########..........#...
Turn 45636 on Vaults:3: Zot trap treasure vault. ......[..†.......<..
.................. .................. ####+#####'####### #....# #.##.# #.##.#
#....#+### ###+#..@.# #.##.# #.##.# #....# ###### Turn 45902 on Vaults:4:
Whoops. #.⌠....### #..#'#...# ###.##.##..# ####.⌠.#zG.#⌠.#### #......#####⌠##..#
#..###......###∩. ##.##.#.....#.#.#§# #..GXφ#@..#.'.∩.# ##.##.#.....#.#
#..###G......# .# ##.....#####⌠# # ##..⌠.#G..#⌠.# # ####.##~##>.# # #..#'#..## #
##⌠.....# . ## .#### Turn 56721 on Abyss:4: Most annoying vault ever!
#...##.###.##..#...#.# #...###...####.....#.# #...# ##'##..#.#...#.#
#..####...#'##.#...... #..'..'.....#..#...... ##(####...#'##.#####.#
#...###'##..#.# #.# #.#####.#####.# ### #.#.@.#.#.'.#.# #.###.#.#.###.#
#.#.'.#'#.'.#.# #.###.....###.# #...#######...# #.............# ###############
Turn 59532 on Depths:3: Seems to be a Dis-themed Hell vault. Iron dragon. Gold.
Metal walls. #######.#########...##. ##.# #...### #######..#########...###
#..................[.... #.#..#.................. #..#......#...^.........
#...#...##............## #.#..#..##............#. ##.....#@..............^.
#.......#.#.#.#.........# ##...##.......#........## #...##.#..#.##.......##
#..#.....#.##.......## #......#..##.......## #........########.## #..###.###
##..# ##.# ### ##..## Turn 60862 on Depths:4: What is this vault? #.T..# #T...#
#.p..# #T...# #T...# #....# #....# #.@..# #.......# ...pp...... #..pppp...##
...p....p.... ...p..<<..p... ...pp.<..<.pp.. ....p..<<..p... Turn 61704 on
Vaults:5: Downhatch on Vaults:4 leads to just north of other downstairs. ..#
#..# .####.# #... ## ##''# ......# ####..##.## ##.... .###### ##.....#...#
#..... .# ##.....##.†.## # ##.... .# ##......#....(#.#. #.... .#
#.......#......... #.... .. +.......#†........ #.... .. +.......[†@.....^. #...#
#######......[#†........ #..## ......#.......#†...†.... #++#
......#.....[.#..†.†#.#. #..# ......#.......##...## # #..## ......#........#...#
#...z ......#........##.## ##z.. ......#.........### ..#. ......#.........# ..#
Turn 65738 on Crypt:1: Dead humans vault. .....#.............#.....####....
.....#†............#....## #.... .....[†......^.....#...## #..##
....[#†............#..## #..# .....#†...†........#++# #..##
...[.#..†.†#.#.....#..# #.... .....##...##.##...##..#######....
......#...#...#)??##...z.......## ......##.##†.†##@####z.........#
.......####### ### ..#..####..# .......# ..# #?.# .......# #++## .......# . #
.......# .. # .......# .Z. # ......## .... # .....## ...Z. # Turn 65753 on
Crypt:1: crappy randart staff B) #........# ### #####........#
..###...'........# ..#.#...'....>...# ..'##'#####'###### ###..#.##........#
#.#..####........## ##'#'#..#......#'## ...#.'..#......#@## ...###..'......####
#### ####........## #........# #........# #........# ########## Turn 66256 on
Vaults:1: Underwhelming! ##### .... ... ###.. ... ##.## +.@.# ##..+ .### .. #..
... ###. ## Turn 73739 on Zot:3: Scary! ##...##.[.#######... ##.)...#####...##..
#..##..####.....##. ##..###..##.......#' #..(.###.^....#.....
#.[)=####.#...##.... #.#..?.###....###... ##$.$#...##....# #.##
#$$$@....###.###*#..* #$#|/!$..# ###*,,...# #$#$[$:=:# *,*,,.##.. #$?$#$$###
*,,,..,*,, ##/[$$$$* *,,,,****, ###$#$## *,,,***,*, ##### *+*+*,,,,* **,,,**,***
**,,,,,****, Turn 75261 on Zot:3: FINALLY A GOOD RING WITHOUT COMPROMISES
##...#* **,,,,***,,,,, #...<# *#...,*****,,,, *#...##*#...*****,,,,,,
*#...#**#...** **,,,,,,, #...#*##...##***,,,,**,, *#...*##.....##.,,,****,,
#...**####......,,** ***, *#..**###z#......,*****,,, *...,,#.#@#.⌠....,,**,,,,,
**,....y.###......,,**+*,** *,,.y.............,**,,,,,*
*,,...............,*,*,,,*, **,,......###...#..,*,*,,,*, *,,,......*
*...#*#,*,*,8,*, *,,,......***..##**,*,*,,,*, *,,,.....#**,..# *,,*,*,,,*,
*,,,,,,,,* *,,,***,,**,,,,,* Turn 76588 on Zot:4: Oh, nice.
##...*****,,,,,*,,,,, ##...#* *#...,***,,,,, #...<# *#....*****,,,,
*#...##*#...#****,,,,,, *#...#**#...#* **,,,,,,, #...#*##...##***,,,,**,,
*#...*##.....##.,,,****,, #...**####...X..,,** ***, *#..**###@#......,*****,,,
*...,,#y#<#.⌠....,,**,,,,, **,......###......,,**+*,**
*,,.......y.......,**,,,,,* *,,...............,*,*,,,*,
**,,......###...#..,*,*,,,*, *,,,......* *...#*#,*,*,8,*,
*,,,......***..##**,*,*,,,*, *,,,.....#**,..# *,,*,*,,,*, Turn 76602 on Zot:4:
Wait, I'll still need to clear this floor! Maybe. *###############*****
**...............,,,,** **,...............,,,,,** **,,,*#.........#*****,,,**
**,,,**#....@....# **,,,** **,,,** #.........# **,,,*
**,,,****#.........#********,^, **,,,***#...⌠..........,,,****,,
**,,,****...........$...,,,,****, *,,,****,...............,,,,,****
,,,****,,...<.......####****,,*** ,,****,,,...........# **,,*,
,****,,,,,,,,,,,,,,,* **,,, Turn 76605 on Zot:5: Wow. What an awful layout.

Levels and vault maps discovered:
D:1:      minmay_arrival_nine_rooms, layout_rooms,
          shapermc_ecumenical_altar_notcrosses, hangedman_glass_teeth,
          minmay_domino_2
D:2:      layout_basic, serial_shops, shop, corexii_hall_statues_l
D:3:      minmay_bubble_buster, layout_loops_ring, serial_shops, shop,
          gup_sewer_entry_pipe, nicolae_figureground_sparkle, uniq_grinder
D:4:      layout_loops_ring
D:5:      layout_basic, mainiacjoe_overflow_catch_the_wave,
          small_statue_intersection
D:6:      layout_loops_ring, gammafunk_ghost_split, nicolae_lava_and_water,
          chequers_garden
D:7:      layout_basic, mainiacjoe_overflow_24_doors, minmay_temple_entry_wispy,
          nicolae_elemental_shop
D:8:      layout_layer_cave, kennysheep_just_a_vault, uniq_grum, uniq_amaemon
D:9:      layout_loops_ring, due_lair_maze_entry_diamond, minmay_joined_circles,
          uniq_prince_ribbit1
D:10:     layout_roguey [special_room_bee]
D:11:     layout_small_grid, hiddenorc1_lemuel, uniq_nergalle
D:12:     layout_roguey
D:13:     layout_loops_ring, ximxim_vaults_locker_room, ebering_ghost_xom,
          hangedman_ranch
D:14:     layout_basic, kiku_gazebo_garden_becter
D:15:     grunt_enter_depths_magical_seal, layout_loops_ring, serial_shops,
          shop, serial_bayou_shore_b, portal_ice_cave_entry_ice_statue_one,
          gauntlet_entry_generic, nicolae_diode_basic
Temple:   compressed_dpeg_triangle_lava_temple
Lair:1:   layout_roguey, grunt_megastairs_5, serial_bayou_shore_a
Lair:2:   layout_hall_layers, dummy_snake_entry, nicolae_lair_lil_pond,
          cheibrodos_lair_reptile_den, uniq_erica
Lair:3:   layout_hall_layers, nicolae_shoals_entry_roost,
          nicolae_volcano_entry_s_turn, grunt_megastairs_4, uniq_gastronok
Lair:4:   layout_regular_city
Lair:5:   gammafunk_lair_ancient_temple, layout_long_grid,
          nicolae_slime_entry_field_trip
Shoals:1: nicolae_shoals_lighthouse, layout_shoals,
          nicolae_shoals_circle_sea_wall
Shoals:2: layout_shoals
Shoals:3: layout_shoals
Shoals:4: shoals_end_grunt_ice, layout_shoals
Snake:1:  layout_chambers, drop_trap, minmay_shoptagon
Snake:2:  layout_cave_town, grunt_ministairs_13,
          nicolae_snake_snakes_in_the_grass, uniq_nikola, uniq_roxanne,
          uniq_saint_roka
Snake:3:  layout_misc_corridors, grunt_megastairs_2, nicolae_triple_integral
Snake:4:  snake_pit_salamanders_mu, layout_onion_interference,
          nicolae_snake_dead_anacondas, serial_bayou_shore_b
Slime:1:  layout_caves
Slime:2:  layout_caves, uniq_dissolution
Slime:3:  layout_caves, nicolae_slime_ancient_tower_intersection
Slime:4:  cheibrodos_slime_lost_civilization_9, layout_caves,
          nicolae_slime_getting_an_eyeful
Slime:5
Orc:1:    layout_diamond_mine, serial_shops, nicolae_shop_statue_plus,
          elf_legates
Orc:2:    grunt_orc_cross, layout_caves, serial_shops,
          nicolae_shop_tiny_waterfront, uniq_donald
Elf:1:    eino_elf_arrival_shootout, layout_gridlike, serial_shops, shop,
          nicolae_shop_temple_entry_statues_fountains, minmay_elf_annihilation
Elf:2:    nicolae_elf_blades_splatter_lattice
          [nicolae_blade_entry_area_security], layout_gridlike,
          einodemon_armed_red_devil_minivault
Elf:3:    minmay_elf_hall_circle, layout_onion_city, st_stairs_3
Vaults:1: nicolae_vaults_rhombus_6, nicolae_vaults_inception_network,
          nicolae_vaults_angled_halls, grunt_vaults_focal,
          nicolae_vaults_offset_grid_hallway_1, v_misc_12,
          nicolae_vaults_tangram_2, nicolae_vaults_little_squares_3,
          nicolae_vaults_little_squares_6, hangedman_vaults_nodes, v_misc_11,
          grunt_vaults_trifunnel, ontoclasm_vaults_idyll,
          hangedman_vaults_capsules, hangedman_vaults_cutoff,
          nicolae_vaults_rhombus_5, layout_vaults_maze_snakey, serial_shops,
          nicolae_shop_tiny_glass
Vaults:2: nicolae_vaults_alarming, minmay_crypt_entry_nasty_monster,
          nicolae_vaults_variable_pillar_hall_cross, v_pattern_1,
          nicolae_vaults_little_squares_3, v_misc_8, vaults_standard_mumra_x,
          nicolae_vaults_surprise_closet, layout_vaults_chaotic_city,
          serial_shops, nicolae_shop_tiny_waterfront, shop
Vaults:3: gammafunk_its_a_trap, vaults_room_ringed_pool,
          vaults_standard_mumra_lines, nicolae_vaults_offset_grid_hallway_3,
          nicolae_vaults_wine_cellar, v_alt_pattern_4, v_misc_30,
          vaults_room_semicircle, layout_vaults_omnibox, uniq_mennas,
          uniq_aizul, uniq_zenata
Vaults:4: nicolae_vaults_little_squares_4, hangedman_vaults_snaps, st_diamondy,
          nicolae_vaults_little_squares_3, nicolae_vaults_surprise_closet,
          nicolae_vaults_spaceships, nicolae_vaults_tetromino_L_1, v_misc_27,
          v_misc_3, nicolae_vaults_weapon_check, grunt_vaults_hallway_short,
          layout_vaults_ring, uniq_boris
Vaults:5
Crypt:1:  layout_gridlike, corner_web_ring, st_small_mortuary,
          grunt_crypt_arrival_webbed, uniq_josephina
Crypt:2:  layout_catacombs
Crypt:3:  david_glass_crypt, layout_chaotic_city, uniq_margery, uniq_bai_suzhen
Depths:1: layout_cave_pools, nicolae_vehumet_radiance, hell_entry,
          guppyfry_shop_earth
Depths:2: kennysheep_gozag_temple, layout_cave_pools, enter_ziggurat_e,
          hangedman_coc_ice_floe, rand_demon_pan_entry_7
Depths:3: minmay_the_grid_triangle_9x9_rhombus_full_mashed
          [minmay_the_grid_triangle_9x9_minimal,
          minmay_the_grid_triangle_9x9_swiss_cheese,
          minmay_the_grid_triangle_9x9_intruding_spiral,
          minmay_the_grid_triangle_9x9_warning,
          minmay_the_grid_triangle_9x9_windchime,
          minmay_the_grid_triangle_9x9_pentomino_pain,
          minmay_the_grid_triangle_9x9_zippers_horizontal,
          minmay_the_grid_triangle_9x9_prize_insulated], layout_basic,
          abyss_entry, pan_entry, okawaru_trees_1, grunt_hell_entry_dis_mu,
          serial_shops, nicolae_shop_mannequins, nicolae_inconvenience_store,
          item_on_display_a
Depths:4: grunt_zot_entry_bicorn, layout_long_grid, hangedman_decor_opposing,
          hell_entry, zin_angel
Zot:1:    grunt_twist_and_shout, layout_onion, zot_minivault_6
Zot:2:    layout_twisted_circle
Zot:3:    grunt_zot_stairs_mandelzot, layout_twisted_circle,
          st_large_dragon_hoard_2, grunt_megastairs_3
Zot:4:    layout_onion, zot_minivault_1, grunt_megastairs_1, lemuel_elevator
Zot:5:    layout_onion, ebering_ghost_reflecting_pool, grunt_ministairs_13

Skill      XL: |  1  2  3  4  5  6  7  8  9 10 11 12 13 14 15 16 17 18 19 20 21 22 23 24 25 26 27 |
---------------+----------------------------------------------------------------------------------+-----
Polearms       | 3 4 6 9 10 12 13 14 16 17 19 21 | 21.1
Fighting       | 4 5 7 9 11 12 13 14 15 16 17 18 19 21 22 23 24 25 | 25.0
Armour         | 3 4 5 6 7 9 10 11 12 13 15 18 | 18.4
Shields        | 4 8 11 13 15 17 18 20 21 23 24 25 | 25.0
Dodging        | 2 4 5 6 8 9 11 12 | 12.1
Stealth        | 12 13 15 | 15.0
Evocations     | 3 5 6 8 9 13 15 16 | 16.0
Invocations    | 3 6 9 24 | 24.0
Throwing       | 3 |  3.0
Transmutations | 3 |  3.0
Spellcasting   | 2 3 8 11 13 | 13.5
Ice Magic      | 1 |  1.4
Air Magic      | 5 |  5.0

Action                     |  1- 3 |  4- 6 |  7- 9 | 10-12 | 13-15 | 16-18 | 19-21 | 22-24 | 25-27 || total
---------------------------+-------+-------+-------+-------+-------+-------+-------+-------+-------++-------
  Melee: Trident           |   121 |   196 |   326 |       |   755 |  1958 |   524 |   477 |  1183 ||  5540
         Tailslap          |       |     5 |     3 |     4 |    87 |    98 |     7 |   104 |    25 ||   333
         Spear             |       |       |   222 |   915 |  1479 |    72 |       |       |       ||  2688
         Scimitar          |       |       |       |       |    12 |       |       |       |       ||    12
         Demon trident     |       |       |       |       |       |   609 |  1632 |  2209 |  4212 ||  8662
         Headbutt          |       |       |       |       |       |       |       |       |   467 ||   467
  Throw: Throwing net      |       |       |       |       |       |     1 |       |       |     1 ||     2
         Dart              |       |       |       |       |       |    31 |    27 |    55 |    18 ||   131
   Cast: Passwall          |       |       |       |       |       |       |       |       |     5 ||     5
 Invoke: Fiery Armour      |       |       |       |       |       |       |     1 |       |       ||     1
  Evoke: Wand              |       |       |     1 |     4 |     3 |    22 |     5 |    13 |   119 ||   167
         Phial of floods   |       |       |       |       |     1 |       |     1 |     1 |     1 ||     4
         Lightning rod     |       |       |       |       |       |     4 |     8 |     7 |    10 ||    29
         Phantom mirror    |       |       |       |       |       |       |       |       |     1 ||     1
    Use: Scroll            |       |    10 |     8 |     6 |    22 |    17 |    10 |    17 |    40 ||   130
         Potion            |       |     1 |     5 |     3 |    20 |    16 |     1 |    24 |    25 ||    95
   Stab: Sleeping          |       |       |       |    15 |    13 |     4 |    17 |    13 |     4 ||    66
         Distracted        |       |       |       |     3 |       |     3 |     3 |     9 |     8 ||    26
         Held in net/web   |       |       |       |       |       |     2 |       |       |     1 ||     3
         Invisible         |       |       |       |       |       |    17 |       |     1 |       ||    18
 Armour: Scale mail        |    37 |    51 |   126 |   152 |    88 |       |       |       |       ||   454
         Skin              |       |    25 |    15 |       |     1 |       |       |       |     1 ||    42
         Plate armour      |       |       |       |       |   320 |   508 |   411 |   769 |   511 ||  2519
         Gold dragon scale |       |       |       |       |       |       |       |       |   568 ||   568
         Robe              |       |       |       |       |       |       |       |       |     3 ||     3
  Dodge: Dodged            |    26 |    76 |   230 |   289 |   487 |   441 |   462 |   850 |   912 ||  3773
  Block: Buckler           |    23 |    54 |   125 |   142 |    12 |       |       |       |       ||   356
         Kite shield       |       |       |       |       |  1481 |  1739 |  1707 |  2385 |  3929 || 11241
